 Dungeon Crawl Stone Soup version 0.24-a0-458-gfcb5e6da0e (webtiles) character file.

Game seed: 807409102069125441

1965 Peloso the Carver (level 9, -7/77 HPs)
             Began as a Minotaur Fighter on June 27, 2019.
             Mangled by Prince Ribbit (13 damage)
             ... on level 6 of the Dungeon.
             The game lasted 00:09:39 (4545 turns).

Peloso the Carver (Minotaur Fighter)                Turns: 4545, Time: 00:09:40

Health: -7/77      AC: 11    Str: 22    XL:     9   Next: 0%
Magic:  8/8        EV: 10    Int:  5    God:
Gold:   139        SH: 12    Dex: 12    Spells: 8/8 levels left

rFire    . . .     SeeInvis .   a - +1 long sword
rCold    . . .     Gourm    .   c - +1 shield
rNeg     + . .     Faith    .   r - +4 scale mail
rPois    .         Spirit   .   (helmet restricted)
rElec    .         Reflect  .   (no cloak)
rCorr    .         Harm     .   (no gloves)
MR       .....                  (no boots)
Stlth    ..........             l - amulet of magic regeneration
HPRegen  0.22/turn              q - ring of positive energy
MPRegen  0.36/turn              (no ring)

@: berserk cooldown, slowed, very slow
A: retaliatory headbutt, horns 2
a: no special abilities


You were on level 6 of the Dungeon.
You were very hungry.

You visited 1 branch of the dungeon, and saw 6 of its levels.

You collected 294 gold pieces.
You spent 155 gold pieces at shops.

Inventory:

Hand Weapons
 a - a +1 long sword (weapon)
Missiles
 n - 45 poisoned darts (quivered)
 t - 2 curare-tipped darts
Armour
 b - a +0 scale mail
 c - a +1 shield (worn)
 r - a +4 scale mail (worn)
Jewellery
 l - an amulet of magic regeneration (around neck)
 q - a ring of positive energy (left hand)
Scrolls
 j - 3 scrolls of teleportation
 k - a scroll of immolation {unknown}
 m - a scroll of magic mapping
 o - a scroll of remove curse
 p - a scroll of fog
 u - 2 scrolls of noise {unknown}
 w - a scroll of summoning {unknown}
 x - a scroll of identify
 y - a scroll of blinking {unknown}
 z - a scroll of silence {unknown}
Potions
 e - 2 potions of invisibility
 h - 3 potions of curing
 i - a potion of haste {unknown}
 s - a potion of resistance
 v - a potion of agility {unknown}
Comestibles
 f - 8 rations


   Skills:
 + Level 6.3 Fighting
 + Level 9.3 Long Blades
 + Level 6.1 Armour
 + Level 3.0 Dodging
 + Level 0.6 Stealth
 + Level 7.8 Shields


You had 8 spell levels left.
You didn't know any spells.
Your spell library contained the following spells:

 Spells                   Type           Power        Failure   Level  Hunger
 Magic Dart               Conj           #...         97%         1    ##.....
 Blink                    Tloc           N/A          99%         2    ###....
 Call Imp                 Summ           #.......     99%         2    ###....
 Slow                     Hex            #.......     99%         2    ###....
 Conjure Flame            Conj/Fire      #.......     100%        3    ####...
 Mephitic Cloud           Conj/Pois/Air  #.......     100%        3    ####...


Dungeon Overview and Level Annotations

Branches:
Dungeon (6/15)
 Temple: D:4-7

Altars:
Elyvilon
Trog

Shops:
D:4 ?(}*:

Annotations:
D:6 Prince Ribbit


Innate Abilities, Weirdness & Mutations

You reflexively headbutt those who attack you in melee.
You have a pair of horns on your head.


Message History

You feel better.
Prince Ribbit blinks!
You block the hound skeleton's attack.
Prince Ribbit blinks!
The hound skeleton bites you.
* * * LOW HITPOINT WARNING * * *
Unknown command.
You feel better. You block the hound skeleton's attack.
The hound skeleton barely misses you. You furiously retaliate!
You headbutt the hound skeleton.
Prince Ribbit hops awkwardly around.
Prince Ribbit hits you but does no damage.
You hit Prince Ribbit.
Prince Ribbit is heavily wounded.
You block the hound skeleton's attack. Prince Ribbit hits you!
* * * LOW HITPOINT WARNING * * *
The hound skeleton barely misses you. Prince Ribbit hits you.
* * * LOW HITPOINT WARNING * * *
Unknown command.
You hit Prince Ribbit.
Prince Ribbit is severely wounded.
You block the hound skeleton's attack. Prince Ribbit hits you!
You die...

#..........#####......
##.#..........#.......
#.............. ......
....#.........## <....
?.#.###..##...## .....
..### #........# #
...##
.....##.....##.?.. ..
# .............#...# .
# (.##...@.#......# .
......ZF......###
.............##
...............#
............#.....
.......#..)(#.....
......###.........
...... #####.....
...... .....


You could see Prince Ribbit and a hound skeleton.

Vanquished Creatures
  A two-headed ogre (D:6)
  An ice beast (D:6)
  2 ogres
  A sky beast (D:5)
  A centaur (D:6)
  2 bullfrogs (D:6)
  3 scorpions
  A water moccasin skeleton (D:6)
  A crimson imp (D:5)
  2 hounds (D:5)
  A centaur zombie (D:6)
  3 orc priests
  2 orc wizards
  4 worker ants
  A howler monkey skeleton (D:5)
  9 adders
  A shadow imp (D:5)
  3 oozes
  A worm (D:2)
  3 dart slugs
  A leopard gecko (D:4)
  9 orcs
  A ball python (D:2)
  3 giant cockroaches
  6 goblins
  9 hobgoblins
  4 jackals (D:1)
  3 quokkas
  6 bats
  5 frilled lizards
  5 kobolds
95 creatures vanquished.

Notes
Turn   | Place    | Note
-------+----------+-------------------------------------------
     0 | D:1      | Peloso the Minotaur Fighter began the quest for the Orb.
     0 | D:1      | Reached XP level 1. HP: 19/19 MP: 0/0
   191 | D:1      | You fall into a shaft and drop 1 floor!
   214 | D:2      | Reached XP level 2. HP: 27/27 MP: 1/1
   263 | D:2      | Reached XP level 3. HP: 24/33 MP: 2/2
   970 | D:2      | Reached skill level 3 in Long Blades
  1037 | D:2      | Reached XP level 4. HP: 40/40 MP: 3/3
  1896 | D:3      | Found a bloodstained altar of Trog.
  2082 | D:3      | Found a white marble altar of Elyvilon.
  2348 | D:3      | Reached XP level 5. HP: 47/47 MP: 4/4
  2425 | D:4      | Noticed an ogre
  2435 | D:4      | Killed an ogre
  2435 | D:4      | Reached skill level 4 in Long Blades
  2435 | D:4      | Reached skill level 1 in Dodging
  2435 | D:4      | Reached skill level 5 in Shields
  2624 | D:4      | Found Sijaad's Gadget Emporium.
  2710 | D:4      | Found Untism's Assorted Antiques.
  2839 | D:4      | Found Meloikk's Book Emporium.
  2989 | D:4      | Found Ziyb's Antique Weapon Emporium.
  3021 | D:4      | Reached XP level 6. HP: 53/53 MP: 5/5
  3140 | D:4      | Found Hegag's Magic Scroll Boutique.
  3145 | D:4      | Bought a scroll of magic mapping for 49 gold pieces
  3145 | D:4      | Bought a scroll of fog for 28 gold pieces
  3145 | D:4      | Bought a scroll of teleportation for 42 gold pieces
  3339 | D:4      | Bought a scroll labeled LUIBOGOMET for 18 gold pieces
  3339 | D:4      | Bought a scroll labeled ETHRAZ YCHEOHEKH for 18 gold pieces
  3346 | D:5      | Entered Level 5 of the Dungeon
  3380 | D:5      | Reached skill level 5 in Long Blades
  3380 | D:5      | Reached skill level 5 in Armour
  3529 | D:5      | Noticed a sky beast
  3554 | D:5      | Killed a sky beast
  3554 | D:5      | Reached XP level 7. HP: 48/60 MP: 6/6
  3655 | D:5      | Reached skill level 5 in Fighting
  3655 | D:5      | Reached skill level 6 in Long Blades
  4118 | D:6      | Noticed a two-headed ogre
  4125 | D:6      | Killed a two-headed ogre
  4125 | D:6      | Reached skill level 8 in Long Blades
  4125 | D:6      | Reached XP level 8. HP: 18/70 MP: 7/7
  4225 | D:6      | Reached skill level 9 in Long Blades
  4489 | D:6      | Reached XP level 9. HP: 70/77 MP: 8/8
  4512 | D:6      | Noticed Prince Ribbit
  4541 | D:6      | HP: 2/77 [hound skeleton (3)]
  4545 | D:6      | Mangled by Prince Ribbit

Levels and vault maps discovered:
D:1:      scummos_arrival_hexagon, layout_basic
D:2:      layout_basic, first_ration, columned_hall_lemuel
D:3:      layout_basic, elyvilon_altar_4, old_standard_altar
D:4:      layout_loops_ring, serial_shops,
          nicolae_shop_temple_entry_statues_fountains, nicolae_shop_waterfront,
          nicolae_shop_statue_plus, kennysheep_little_box, shop
D:5:      layout_loops_ring
D:6:      layout_cave_pools, slow_altar_2, uniq_prince_ribbit1

Skill      XL: |  1  2  3  4  5  6  7  8 |
---------------+-------------------------+-----
Armour         | 4 5 6 |  6.1
Shields        | 4 5 7 |  7.8
Fighting       | 4 6 |  6.3
Long Blades    | 3 4 5 8 9 |  9.3
Dodging        | 1 2 3 |  3.0
Stealth        | |  0.6

Action                   |  1- 3 |  4- 6 |  7- 9 || total
-------------------------+-------+-------+-------++-------
Melee: Long sword        |    70 |   154 |   157 ||   381
       Headbutt          |     8 |    24 |    25 ||    57
  Use: Scroll            |       |     7 |     3 ||    10
       Potion            |       |       |     4 ||     4
  Eat: Chunk             |       |     8 |     3 ||    11
Armor: Scale mail        |    34 |    50 |    54 ||   138
       Chain mail        |       |    21 |       ||    21
Dodge: Dodged            |    28 |    42 |    44 ||   114
Block: Shield            |    35 |    74 |    99 ||   208
       Rpst.: Long sword |     8 |     9 |     8 ||    25

Table legend:
 A = Non-vault XP
 B = Vault XP
 C = Vault XP percentage of total XP
 D = Non-vault monster count
 E = Vault monster count
 F = Vault count percentage of total count
                 A         B        C        D         E       F
            +---------+---------+-------+---------+---------+-------
      Total |    2808 |       0 |   0.0 |      95 |       0 |   0.0
            +---------+---------+-------+---------+---------+-------
        D:1 |      30 |       0 |   0.0 |      15 |       0 |   0.0
        D:2 |      95 |       0 |   0.0 |      21 |       0 |   0.0
        D:3 |      71 |       0 |   0.0 |      18 |       0 |   0.0
        D:4 |     250 |       0 |   0.0 |      11 |       0 |   0.0
        D:5 |     744 |       0 |   0.0 |      18 |       0 |   0.0
        D:6 |    1618 |       0 |   0.0 |      12 |       0 |   0.0
            +---------+---------+-------+---------+---------+-------
